cohdb
Replays
Latest Replays
All Replays
Popular Replays
Top Player Replays
Match Explorer
How It Works
Community
CoH3 Stats
Reddit
Sign in to upload your games and track your stats! →
Sign in with Steam
Match 43855033
Unlisted
Match 43855033
Overview
Messages
Build Orders
End
Kradschützen Motorcycle Team
Selects Italian Combined Arms Battlegroup
Selects Bersaglieri Squad
Bersaglieri Squad
Bersaglieri Squad
Panzerpioneer Squad
Bersaglieri Squad
Construct Light Support Kompanie
Selects Bersaglieri Bolster
Fire Support Elements
Flakvierling Half-track
Pak 38 Mechanized Group
Selects Breda Model 30 Light Machine Guns
Construct Panzerarmee Kommand
Pak 38 Anti-tank Gun Team
Emergency Repair Kits
Vehicle Survival Package
Selects Semovente da 75/18 Assault Gun
Selects Strafing Run
Selects Pact of Steel
Walking Stuka Rocket Launcher
Armored Reserves
Strafing Run
Panzer IV Assault Group
MrGlaucus
Discoverer
Alstreim
TL
0
0
Comments
sign in to comment!
No comments posted yet!